 Dungeon Crawl Stone Soup version 0.30-a0-1085-g990a428a5c (webtiles) character file.

Game seed: 8094418269525873208

17366 lesbiats the Grappler (level 12, -10/122 HPs)
             Began as a Troll Fighter on Apr 17, 2023.
             Was a Priest of Wu Jian.
             Killed from afar by a rime drake (26 damage)
             ... with an icy flash freeze
             ... on level 2 of the Lair of Beasts.
             The game lasted 00:46:23 (11028 turns).

lesbiats the Grappler (Troll Fighter)              Turns: 11028, Time: 00:46:24

Health: -10/122    AC:  7    Str: 27    XL:     12   Next: 18%
Magic:  11/11      EV: 10    Int:  8    God:    Wu Jian [***...]
Gold:   212        SH: 15    Dex:  9    Spells: 5/11 levels left

rFire   . . .      SeeInvis .      - Unarmed
rCold   . . .      Faith    .    b - +0 kite shield
rNeg    . . .      Spirit   .    (body armour restricted)
rPois   +          Reflect  +    (helmet restricted)
rElec   .          Rampage  .    q - +0 cloak
rCorr   .                        (gloves unavailable)
Will    .....                    (boots unavailable)
Stlth   +                        K - amulet of reflection
HPRegen 1.20/turn                G - +4 ring of protection
MPRegen 0.12/turn                I - ring of poison resistance

@: studying Transmutations
A: large, unfitting armour, claws 3, regeneration 1, shaggy fur 1, tough skin 1
a: Renounce Religion, Wall Jump, Serpent's Lash


You were on level 2 of the Lair of Beasts.
You worshipped Wu Jian.
Wu Jian was most pleased with you.
You visited 3 branches of the dungeon, and saw 14 of its levels.

You collected 575 gold pieces.
You spent 363 gold pieces at shops.

Inventory:

Hand Weapons
 a - a +4 scimitar of flaming
Missiles
 p - 7 boomerangs (quivered)
 x - 38 poisoned darts
 A - 8 javelins
Armour
 b - a +0 kite shield (worn)
 q - a +0 cloak (worn)
 t - a +0 robe of willpower
 B - a scarf of shadows
Jewellery
 c - a ring of protection from cold
 G - a +4 ring of protection (left claw)
 I - a ring of poison resistance (right claw)
 K - an amulet of reflection (around neck)
 O - the ring of Hichoust {rElec rCorr}
   (You acquired it on level 11 of the Dungeon)

   [ring of resist corrosion]

   rElec:     It insulates you from electricity.
   rCorr:     It protects you from acid and corrosion.
Wands
 D - a wand of mindburst (5)
 J - a wand of paralysis (3)
Scrolls
 d - 2 scrolls of poison {unknown}
 e - a scroll of enchant armour {unknown}
 f - 2 scrolls of noise {unknown}
 i - 5 scrolls of teleportation
 o - 4 scrolls of immolation
 u - 3 scrolls of blinking
 v - 2 scrolls of enchant weapon {unknown}
 w - 4 scrolls of magic mapping
 y - a scroll of summoning {unknown}
 z - 3 scrolls of fog
 C - 3 scrolls of vulnerability {unknown}
 L - 2 scrolls of amnesia {unknown}
 M - 3 scrolls of fear {unknown}
Potions
 g - 5 potions of curing
 h - 2 potions of ambrosia {unknown}
 j - a potion of haste
 k - 2 potions of attraction {unknown}
 l - 2 potions of degeneration {unknown}
 m - 5 potions of lignification
 n - 3 potions of flight {unknown}
 r - a potion of berserk rage {unknown}
 s - a potion of heal wounds {unknown}
 N - 2 potions of might
 P - 3 potions of magic {unknown}
Miscellaneous
 R - a lightning rod (4/4)


   Skills:
 + Level 8.5 Fighting
 + Level 5.9 Dodging
 + Level 9.2 Shields
 * Level 13.6 Unarmed Combat
 + Level 1.7 Transmutations


You had 5 spell levels left.
You knew the following spells:

 Your Spells              Type           Power      Damage    Failure   Level
a - Statue Form           Tmut/Erth      0%         N/A       100%        6

Your spell library contained the following spells:

 Spells                   Type           Power      Damage    Failure   Level
 Kiss of Death            Conj/Necr      0%         2d5       63%         1
 Momentum Strike          Conj/Tloc      0%         3d8       77%         2
 Confusing Touch          Hex            0%         N/A       94%         3
 Hailstorm                Conj/Ice       0%         3d3       94%         3
 Vhi's Electric Charge    Tloc/Air       0%         N/A       94%         3
 Ice Form                 Ice/Tmut       1%         N/A       99%         4
 Animate Dead             Necr           0%         N/A       100%        4
 Dispel Undead            Necr           0%         3d6       100%        4
 Leda's Liquefaction      Hex/Erth       0%         N/A       100%        4
 Arcjolt                  Conj/Air       0%         1d10      100%        5
 Borgnjor's Vile Clutch   Necr/Erth      0%         N/A       100%        5
 Lee's Rapid Deconstruct  Erth           0%         3d4*      100%        5
 Death Channel            Necr           0%         N/A       100%        6
 Dispersal                Tloc           0%         N/A       100%        6
 Plasma Beam              Fire/Air       0%         2x1d11    100%        6
 Simulacrum               Ice/Necr       0%         N/A       100%        6
 Enfeeble                 Hex            0%         N/A       100%        7


Dungeon Overview and Level Annotations

Branches:
Dungeon (11/15)            Temple (1/1) D:6            Lair (2/5) D:11
 Spider (0/4) Lair:2
  Swamp: Lair:2-3    Shoals: Lair:2-3       Orc: D:9-12

Altars:
Ashenzari
Dithmenos
Fedhas
Hepliaklqana
Kikubaaqudgha
Makhleb
Nemelex Xobeh
Okawaru
Qazlal
Ru
Sif Muna
Uskayaw
Vehumet
Wu Jian
Xom
Yredelemnul

Shops:
D:5 (

Annotations:
D:10 2 transporters, LustLizard's ghost, journeyman KoBr
D:11 Amaemon; Josephine


Innate Abilities, Weirdness & Mutations

You are too large for most types of armour.
You have claws for hands.
Your natural rate of healing is unusually fast.
You are covered in fur. (AC +1)
You have tough skin. (AC +1)


Message History

You throw a boomerang.
The boomerang closely misses the rime drake.
The rime drake hisses angrily.
The rime drake breathes ice at you. The icy flash freeze hits you!!
* * * LOW HITPOINT WARNING * * *
You are encased in ice.
Things that are here:
a blink frog corpse; a boulder beetle corpse The ice encasing you melts away.
The rime drake breathes ice at you. The icy flash freeze hits you!
* * * LOW HITPOINT WARNING * * *
You are encased in ice.
You block the rime drake's attack.
The rime drake bites you but does no damage.
Things that are here:
a blink frog corpse; a boulder beetle corpse You closely miss the rime drake.
The rime drake bites you.
* * * LOW HITPOINT WARNING * * *
You closely miss the rime drake. You block the rime drake's attack.
You miss the rime drake. You block the rime drake's attack.
You completely miss the rime drake. The ice encasing you melts away.
The rime drake breathes ice at you. The icy flash freeze hits you!!
* * * LOW HITPOINT WARNING * * *
You are encased in ice.
You claw the rime drake!
The rime drake is moderately wounded.
The rime drake bites you.
* * * LOW HITPOINT WARNING * * *
Blink to where?
Press: ? - help, Dir - move target, p - rime drake
As you read the scroll of blinking, it crumbles to dust.
Okay, then.
The ice encasing you melts away. The rime drake breathes ice at you.
The icy flash freeze hits you!!
You die...

......................#
........#......P.....##
.........#....P.###...#
..............####P...##
.............## ##....#
#...##.#####..# #.....#
...........#.P# ##....##
.............####.#...#
................@.....#
#P###.##...k.###....#.#
### ####...### ##...###
#...# #P....# ##...#
#.....# #...k#P####....#
##........k...##
#............#
..............##


You could see a rime drake (catching breath).

Vanquished Creatures
  2 hydras (Lair:1)
  Erica (D:9)
  2 boulder beetles
  A two-headed ogre (D:8)
  An orb spider (Lair:2)
  Pikel (D:5)
  2 manticores
  A black mamba (Lair:1)
  2 cane toads
  An unseen horror (D:11)
  Maggie (D:6)
  The ghost of CowFu the Destroyer, a novice DgCj (D:4)
  A komodo dragon (Lair:1)
  Psyche (D:8)
  3 rime drakes
  3 trolls
  A hornet (D:9)
  Grinder (D:6)
  3 blink frogs (Lair:2)
  Sigmund (D:6)
  A shadow (D:10)
  2 wyverns
  6 yaks
  2 wraiths
  Eustachio (D:4)
  2 basilisks (Lair:1)
  Menkaure (D:5)
  4 steam dragons
  2 acid dragons (D:9)
  9 water moccasins
  2 orc warriors
  A sky beast (D:5)
  3 black bears
  2 ice beasts (D:8)
  4 wolves (Lair:2)
  6 centaurs
  An ogre (D:3)
  A phantom (D:6)
  2 lemures (D:5)
  2 kobold brigands
  Blork the orc (D:6)
  8 bullfrogs
  2 scorpions
  4 electric eels (D:10)
  2 howler monkeys
  4 jellies
  Crazy Yiuf (D:2)
  2 hounds
  5 orc priests
  Jessica (D:3)
  5 iguanas
  3 sleepcaps
  Natasha (thrice) (D:3)
  6 orc wizards
  Robin (D:2)
  3 gnolls (D:3)
  4 adders
  A shadow imp (D:5)
  A white imp (D:7)
  An ufetubus (D:5)
  A worm (D:3)
  3 dart slugs
  21 orcs
  2 ball pythons
  10 endoplasms
  2 giant cockroaches
  14 goblins
  5 hobgoblins
  11 jackals
  5 quokkas
  4 bats
  3 frilled lizards
  9 kobolds
  5 rats
237 creatures vanquished.

Vanquished Creatures (others)
  An orc (D:9)
  36 fungi
  28 plants
65 creatures vanquished.

Grand Total: 302 creatures vanquished

Notes
Turn   | Place    | Note
-------+----------+-------------------------------------------
     0 | D:1      | lesbiats the Troll Fighter began the quest for the Orb.
     0 | D:1      | Reached XP level 1. HP: 22/22 MP: 0/0
   225 | D:1      | Reached XP level 2. HP: 29/29 MP: 1/1
   759 | D:2      | Reached XP level 3. HP: 34/36 MP: 2/2
   780 | D:2      | Reached skill level 3 in Unarmed Combat
   968 | D:2      | Found a burning altar of Makhleb.
   991 | D:2      | Reached XP level 4. HP: 44/44 MP: 3/3
  1055 | D:2      | Noticed Robin
  1074 | D:2      | Killed Robin
  1185 | D:2      | Found a faded altar of an unknown god.
  1221 | D:2      | Found a runed translucent door.
  1225 | D:2      | Noticed Crazy Yiuf
  1233 | D:2      | Identified the +6 hammer of the Mashing Visionary {heavy,
                  | rPois Str+4}
  1242 | D:2      | Killed Crazy Yiuf
  1761 | D:3      | Noticed Jessica
  1766 | D:3      | Killed Jessica
  1767 | D:3      | Reached skill level 4 in Unarmed Combat
  1767 | D:3      | Reached XP level 5. HP: 53/53 MP: 4/4
  1831 | D:3      | Noticed Natasha
  1843 | D:3      | Killed Natasha
  1927 | D:3      | Noticed an ogre
  2142 | D:3      | Found a shimmering blue altar of Sif Muna.
  2190 | D:3      | Killed an ogre
  2191 | D:3      | Reached XP level 6. HP: 29/61 MP: 5/5
  2431 | D:3      | Noticed Natasha
  2443 | D:3      | Killed Natasha
  2444 | D:3      | Reached skill level 5 in Unarmed Combat
  2652 | D:3      | Noticed Natasha
  2657 | D:3      | Killed Natasha
  2729 | D:4      | Noticed Eustachio
  2749 | D:4      | Killed Eustachio
  2880 | D:4      | Reached XP level 7. HP: 67/68 MP: 6/6
  2929 | D:4      | Noticed CowFu's ghost (novice DgCj)
  2930 | D:4      | Found a transporter.
  3336 | D:4      | Found a shimmering blue altar of Sif Muna.
  3338 | D:4      | Found a shimmering altar of Xom.
  3338 | D:4      | Found an ancient bone altar of Kikubaaqudgha.
  3343 | D:4      | Reached skill level 6 in Unarmed Combat
  3344 | D:4      | Found a hazy altar of Hepliaklqana.
  3344 | D:4      | Found a basalt altar of Yredelemnul.
  3344 | D:4      | Found a radiant altar of Vehumet.
  3358 | D:4      | Identified 2 scrolls of acquirement
  3376 | D:4      | Found a transporter.
  3437 | D:4      | Acquired a manual of Transmutations
  3474 | D:5      | Entered Level 5 of the Dungeon
  3486 | D:5      | Noticed Menkaure
  3507 | D:5      | Killed Menkaure
  3638 | D:5      | Found Kepusan's Firing Range.
  3669 | D:5      | Bought 6 boomerangs for 132 gold pieces
  4149 | D:5      | Bought 3 javelins for 99 gold pieces
  4158 | D:6      | Noticed Sigmund
  4182 | D:6      | Noticed Grinder
  4198 | D:5      | Reached skill level 5 in Shields
  4198 | D:5      | Reached XP level 8. HP: 79/79 MP: 7/7
  4367 | D:6      | Killed Grinder
  4368 | D:6      | Reached skill level 7 in Unarmed Combat
  4410 | D:6      | Noticed Pikel
  4464 | D:5      | Killed Pikel
  4465 | D:5      | Reached skill level 5 in Fighting
  4465 | D:5      | Reached skill level 8 in Unarmed Combat
  4595 | D:6      | Noticed Blork the orc
  4602 | D:6      | Killed Blork the orc
  4619 | D:6      | Found a sacrificial altar of Ru.
  4781 | D:6      | Reached XP level 9. HP: 86/88 MP: 8/8
  4835 | D:6      | Noticed Maggie
  4857 | D:6      | Killed Maggie
  4858 | D:6      | Reached skill level 9 in Unarmed Combat
  5006 | D:6      | Found a staircase to the Ecumenical Temple.
  5015 | Temple   | Entered the Ecumenical Temple
  5025 | Temple   | Became a worshipper of the Wu Jian Council
  5093 | D:6      | Identified the +2 mace "Tulis" {heavy, +Blink}
  5194 | D:6      | Killed Sigmund
  5276 | D:7      | Noticed a troll
  5289 | D:7      | Killed a troll
  5734 | D:8      | Noticed a two-headed ogre
  5748 | D:8      | Killed a two-headed ogre
  5749 | D:8      | Reached skill level 10 in Unarmed Combat
  5848 | D:8      | Learned a level 6 spell: Statue Form
  5871 | D:8      | Found a hide-covered altar of Uskayaw.
  5952 | D:8      | Reached XP level 10. HP: 100/100 MP: 9/9
  5964 | D:8      | You fall into a shaft and drop 1 floor!
  6252 | D:8      | Noticed a manticore
  6261 | D:8      | Killed a manticore
  6334 | D:8      | Noticed Psyche
  6340 | D:8      | Killed Psyche
  6788 | D:9      | Reached * piety under Wu Jian
  6830 | D:9      | Noticed Erica
  6834 | D:9      | Reached skill level 11 in Unarmed Combat
  6943 | D:9      | Killed Erica
  7199 | D:9      | Paralysed by a hornet for 2 turns
  7440 | D:10     | Entered Level 10 of the Dungeon
  7441 | D:10     | Found a transporter.
  7442 | D:10     | Noticed LustLizard's ghost (journeyman KoBr)
  7483 | D:10     | Found a blossoming altar of Fedhas.
  7490 | D:10     | Got the Vellum of Non-Euclidean Guile
  7611 | D:10     | Found a stormy altar of Qazlal.
  7840 | D:10     | Found a transporter.
  7870 | D:10     | Found a sparkling altar of Nemelex Xobeh.
  7876 | D:10     | Found a burning altar of Makhleb.
  8254 | D:4      | Killed CowFu's ghost
  8255 | D:4      | Reached XP level 11. HP: 99/109 MP: 10/10
  8314 | D:5      | Bought 4 javelins for 132 gold pieces
  8918 | D:11     | Reached skill level 12 in Unarmed Combat
  9005 | D:11     | Reached ** piety under Wu Jian
  9039 | D:11     | Found a staircase to the Lair.
  9102 | D:11     | Acquired the ring of Hichoust {rElec rCorr}
  9397 | D:11     | Noticed Josephine
  9398 | D:11     | Noticed Amaemon
  9441 | Lair:1   | Entered Level 1 of the Lair of Beasts
  9509 | Lair:1   | Noticed a four-headed hydra
  9518 | Lair:1   | Killed a one-headed hydra
  9533 | Lair:1   | Noticed a boulder beetle
  9564 | Lair:1   | Killed a boulder beetle
  9565 | Lair:1   | Reached skill level 5 in Dodging
 10072 | Lair:1   | Noticed a four-headed hydra
 10086 | Lair:1   | Killed a one-headed hydra
 10087 | Lair:1   | Reached skill level 13 in Unarmed Combat
 10586 | Lair:2   | Reached XP level 12. HP: 122/122 MP: 11/11
 10775 | Lair:2   | Found a hole to the Spider Nest.
 10965 | Lair:2   | Noticed a boulder beetle
 10970 | Lair:2   | Reached skill level 1 in Transmutations
 10988 | Lair:2   | Killed a boulder beetle
 11001 | Lair:2   | Reached *** piety under Wu Jian
 11018 | Lair:2   | HP: 4/122 [rime drake (6)]
 11028 | Lair:2   | Killed from afar by a rime drake

Illustrated notes

Levels and vault maps discovered:
D:1:      elethiomel_arrival_infinity_welcomes_careful_drivers, layout_rooms,
          minmay_misc_feat_roman, minmay_pentomino_x4
D:2:      layout_loops_ring, basic_altar, chequers_ecumenical_altar_grove,
          uniq_robin, uniq_crazy_yiuf_cottage
D:3:      layout_basic, mainiacjoe_overflow_boulevard, uniq_jessica,
          uniq_natasha
D:4:      layout_basic, doesnt_xom_only_xom, gammafunk_ghost_arena, st_stairs_8,
          serial_bayou_crossing, uniq_eustachio
D:5:      layout_loops_ring, nicolae_shop_firing_range, uniq_menkaure
D:6:      layout_rooms, mainiacjoe_overflow_alcove_4,
          minmay_temple_entry_antechambers, mrwooster_statue_mirror,
          uniq_grinder, uniq_pikel, uniq_blork_the_orc, uniq_sigmund,
          uniq_maggie
D:7:      layout_basic
D:8:      layout_loops_ring, kennysheep_mini, uniq_psyche
D:9:      layout_loops_ring, uniq_erica
D:10:     layout_basic, lemuel_round_altar, general_overflow_altar,
          nemelex_xobeh_ov_fountains_minmay, fedhas_altar_3,
          gammafunk_ghost_stat_death
D:11:     layout_gridville, due_lair_maze_entry_diamond, uniq_grum,
          uniq_amaemon, uniq_josephine
Temple:   eino_temple_water
Lair:1:   layout_chaotic_city, serial_bayou_pond_d, minivault_23
Lair:2:   layout_gridlike, minmay_swamp_entry_swarm,
          nicolae_spider_entry_orb_guardian, st_stairs_3, serial_bayou_lake_a

Skill      XL: |  1  2  3  4  5  6  7  8  9 10 11 12 |
---------------+-------------------------------------+-----
Shields        | 3 4 5 7 8 9 |  9.2
Unarmed Combat | 3 4 5 6 8 10 11 13 | 13.6
Fighting       | 3 4 5 6 7 8 |  8.5
Dodging        | 4 5 |  5.9
Transmutations | 1 |  1.7

Action                     |  1- 3 |  4- 6 |  7- 9 | 10-12 || total
---------------------------+-------+-------+-------+-------++-------
  Melee: Unarmed           |    82 |   117 |   218 |   465 ||   882
         Scimitar          |       |       |       |    13 ||    13
  Throw: Boomerang         |       |    25 |    54 |    64 ||   143
         Dart              |       |     5 |    22 |    21 ||    48
         Javelin           |       |       |     2 |     1 ||     3
Ability: Lunge             |       |       |     3 |    24 ||    27
         Whirlwind         |       |       |       |    63 ||    63
  Evoke: Wand              |       |       |       |     3 ||     3
    Use: Potion            |       |     3 |     2 |     2 ||     7
         Scroll            |       |     2 |     5 |     8 ||    15
   Stab: Sleeping          |     2 |       |       |     1 ||     3
 Armour: Robe              |    32 |     8 |       |       ||    40
         Skin              |       |     5 |    42 |    92 ||   139
  Dodge: Dodged            |    28 |    32 |    74 |    63 ||   197
  Block: Kite shield       |    33 |    47 |    89 |   266 ||   435
         Reflection        |       |       |       |    12 ||    12

Table legend: (Time is in decaauts)
 A = Elapsed time spent in this place.
 B = Non-inter-level travel time spent in this place.
 C = Inter-level travel time spent in this place.
 D = Time resting spent in this place.
 E = Time spent auto-exploring this place.
 F = Levels seen in this place.
 G = Mean time per level.
                   A        B        C        D        E       F      G
               +--------+--------+--------+--------+--------+-----+--------+
         Total |  11100 |  10014 |   1086 |   1357 |   5817 |  14 |  792.9 |
       Dungeon |   9492 |   8444 |   1048 |   1064 |   4968 |  11 |  862.9 |
        Temple |     20 |      4 |     16 |      0 |      1 |   1 |   20.0 |
          Lair |   1587 |   1565 |     22 |    292 |    848 |   2 |  793.5 |
               +--------+--------+--------+--------+--------+-----+--------+

Top non-repeatable levels by time:
    D:10: 1157 daAuts
     D:2: 1063 daAuts
     D:5: 1061 daAuts
     D:9: 1029 daAuts
     D:3: 991 daAuts
  Lair:1: 970 daAuts
     D:8: 839 daAuts
     D:4: 831 daAuts
     D:6: 798 daAuts
     D:1: 687 daAuts
  Lair:2: 617 daAuts
    D:11: 562 daAuts
     D:7: 468 daAuts
  Temple: 20 daAuts
